 Dungeon Crawl Stone Soup version 0.30-a0-371-gad7725a93e (webtiles) character file.

Game seed: 3023081658974335020

17915 Maxmaps the Fencer (level 12, -8/84 (89) HPs)
             Began as a Formicid Monk on Nov 20, 2022.
             Was a High Priest of the Shining One.
             Mangled by an orc warrior
             ... wielding a +0 glaive
             ... led by an orc knight
              (21 damage)
             ... on level 12 of the Dungeon.
             The game lasted 00:15:04 (11337 turns).

Maxmaps the Fencer (Formicid Monk)                 Turns: 11337, Time: 00:15:05

HP:   -8/84 (89)    AC: 12    Str: 16    XL:     12   Next: 88%
MP:   18/18         EV:  7    Int: 15    God:    the Shining One [*****.]
Gold: 1059          SH: 11    Dex: 16    Spells: 11/11 levels left

rFire   + . .      SeeInvis +    m - +5 triple sword (vorpal)
rCold   . . .      Faith    .    K - +0 kite shield
rNeg    + + .      Spirit   .    w - +1 chain mail
rPois   .          Reflect  .    (helmet unavailable)
rElec   .          Harm     .    B - scarf {repulsion}
rCorr   .          Rampage  .    (no gloves)
Will    +....                    A - +0 pair of boots
Stlth   ..........               (no amulet)
HPRegen 0.34/turn                u - ring of protection from fire
MPRegen 0.16/turn                j - +4 ring of slaying

@: glowing, drained, repel missiles
A: permanent stasis, dig shafts and tunnels, antennae 3, four strong arms
a: Dig, Shaft Self, Renounce Religion, Divine Shield, Cleansing Flame, Summon
Divine Warrior


You were on level 12 of the Dungeon.
You worshipped the Shining One.
The Shining One was extremely pleased with you.
You visited 2 branches of the dungeon, and saw 13 of its levels.
You also visited: Sewer.

You collected 1083 gold pieces.
You spent 24 gold pieces at shops.

Inventory:

Hand Weapons
 c - a +3 scimitar of flaming
 m - a +5 vorpal triple sword (weapon)
Missiles
 a - 4 throwing nets
Armour
 g - a +2 cloak
 w - a +1 chain mail (worn)
 A - a +0 pair of boots (worn)
 B - a scarf of repulsion (worn)
 K - a +0 kite shield (worn)
Jewellery
 d - a ring of ice
 f - a ring of resist corrosion
 i - a ring of flight
 j - a +4 ring of slaying (right hand)
 q - a ring of positive energy
 u - a ring of protection from fire (left hand)
Wands
 l - a wand of digging (3)
 t - a wand of flame (51)
 z - a wand of paralysis (11)
 C - a wand of polymorph (5)
 E - a wand of mindburst (17)
Scrolls
 n - a scroll of torment {unknown}
 o - a scroll of silence
 r - 2 scrolls of noise
 F - 4 scrolls of magic mapping
 J - a scroll of enchant armour
Potions
 b - 2 potions of mutation
 e - 7 potions of curing
 h - 2 potions of resistance
 k - 4 potions of brilliance
 s - 2 potions of degeneration
 D - 2 potions of attraction
 G - a potion of lignification
Miscellaneous
 I - a lightning rod (4/4)


   Skills:
 - Level 6.7 Fighting
 - Level 16.0 Long Blades
 - Level 6.4 Armour
 - Level 2.6 Dodging
 - Level 2.4 Stealth
 + Level 9.1 Shields
 - Level 8.0 Invocations


You had 11 spell levels left.
You didn't know any spells.
Your spell library contained the following spells:

 Spells                   Type           Power      Damage    Failure   Level
 Foxfire                  Conj/Fire      0%         2x1d4     100%        1
 Cigotuvi's Dreadful Rot  Necr/Pois/Air  0%         N/A       100%        2
 Ensorcelled Hibernation  Hex/Ice        0%         N/A       100%        2
 Passwall                 Tmut/Erth      0%         N/A       100%        2
 Poisonous Vapours        Pois/Air       0%         N/A       100%        2
 Sublimation of Blood     Necr           0%         N/A       100%        2
 Wereblood                Tmut           0%         N/A       100%        2
 Mephitic Cloud           Conj/Pois/Air  0%         N/A       100%        3
 Ozocubu's Armour         Ice            0%         N/A       100%        3
 Fireball                 Conj/Fire      0%         3d3       100%        5
 Iskenderun's Battlesphe  Conj           0%         2d6       100%        5
 Metabolic Englaciation   Hex/Ice        0%         N/A       100%        5
 Conjure Ball Lightning   Conj/Air       0%         3x3d6     100%        6
 Simulacrum               Ice/Necr       0%         N/A       100%        6
 Starburst                Conj/Fire      0%         6d3       100%        6
 Orb of Destruction       Conj           0%         9d5       100%        7
 Summon Hydra             Summ           0%         N/A       100%        7
 Swiftness                Air            Unusable   N/A       N/A         3

Dungeon Overview and Level Annotations

Branches:
Dungeon (12/15)            Temple (1/1) D:5            Lair (0/5) D:8
    Orc (0/2) D:12          Sewer (visited)

Altars:
Ashenzari
Cheibriados
Dithmenos
Elyvilon
Fedhas
Gozag
Hepliaklqana
Kikubaaqudgha
Makhleb
Nemelex Xobeh
Okawaru
Qazlal
Ru
Sif Muna
Trog
Uskayaw
Vehumet
Wu Jian
Xom
Yredelemnul
Zin
The Shining One

Shops:
D:2 [   D:11 *

Annotations:
D:11 2 transporters, SmokeWeed's ghost, journeyman SpEE


Innate Abilities, Weirdness & Mutations

You cannot be hasted, slowed, berserked, paralysed or teleported.
You can dig through walls and to a lower floor.
You have a pair of large antennae on your head. (SInv)
Your four strong arms can wield two-handed weapons with a shield.


Message History

You block the warg's attack.
You slash the orc knight!
The orc knight is moderately wounded.
You hit the orc knight.
The orc knight is moderately wounded.
The orc knight roars a battlecry!
You hit the orc knight but do no damage.
The orc knight is moderately wounded.
The orc knight hits you with a +0 long sword!
You completely miss the orc knight.
The orc knight is moderately wounded.
The orc knight hits you with a +0 long sword!
You slash the orc knight!
The orc knight is heavily wounded.
You block the orc knight's attack.
The orc knight hits you with a +0 long sword.
You completely miss the orc knight.
The orc knight is heavily wounded.
The orc warrior hits you from afar with a +0 glaive!!
* * * LOW HITPOINT WARNING * * *
You slice the orc knight!!
The orc knight is almost dead.
The orc warrior hits you from afar with a +0 glaive!
* * * LOW HITPOINT WARNING * * *
You block the orc knight's attack.
You slash the orc knight!
You kill the orc knight!
The orc warrior hits you from afar with a +0 glaive.
* * * LOW HITPOINT WARNING * * *
Your Shields skill increases to level 9!
You feel better. The warg bites you but does no damage.
You block the orc warrior's attack.
You retract your mandibles.
You hit the warg.
The warg is moderately wounded.
The warg bites you!
* * * LOW HITPOINT WARNING * * *
You block the orc warrior's attack.
You feel better.
The orc warrior hits you from afar with a +0 glaive!!
You die...

#.# #+##########o##
#.# ##........##{.#
{
#.####...####......#
#.##.).)##..##....##
#......)..).......#
####....##..##..o##
###...####..h#o#
##.......##B.#
#########@#...#
#.#...+ #.##### #.#
#.# #.# #.# #.#


You could see a boulder beetle and an orc warrior (strong).

Vanquished Creatures
  Josephine (D:11)
  Fannar (D:11)
  The ghost of KennySheep the Fighter, a novice OgCA of Ignis (D:9)
  Erica (D:11)
  A two-headed ogre (D:10)
  Lodul (D:11)
  Pikel (D:4)
  An orc knight (D:12)
  A manticore (D:11)
  A gargoyle (D:12)
  An unseen horror (D:7)
  3 komodo dragons
  Psyche (D:8)
  2 trolls
  Grinder (D:4)
  2 slime creatures (D:8)
  21 yaks
  3 wyverns
  4 wraiths (D:11)
  6 steam dragons
  7 vampire mosquitoes
  A water moccasin (D:6)
  An orc warrior (D:8)
  2 sky beasts
  A black bear (D:5)
  9 ogres
  3 centaurs
  A phantom (D:5)
  A lemure (D:4)
  3 kobold brigands
  5 bullfrogs
  2 necrophages
  A scorpion (D:5)
  A gnoll sergeant (D:11)
  14 wights
  9 killer bees
  10 howler monkeys
  7 crimson imps (D:9)
  A hound (D:5)
  5 orc priests
  3 jellies
  2 iguanas
  10 orc wizards
  5 gnolls (D:11)
  13 adders
  A river rat (D:3)
  A shadow imp (D:5)
  3 white imps
  An ufetubus (D:6)
  3 worms
  2 dart slugs
  29 orcs
  11 ball pythons
  8 bats
  17 endoplasms
  9 giant cockroaches
  3 goblins
  9 hobgoblins
  4 jackals (D:1)
  14 kobolds
  9 quokkas
  8 frilled lizards
  4 rats
307 creatures vanquished.

Notes
Turn   | Place    | Note
-------+----------+-------------------------------------------
     0 | D:1      | Maxmaps the Formicid Monk began the quest for the Orb.
     0 | D:1      | Reached XP level 1. HP: 18/18 MP: 1/1
   190 | D:1      | Reached skill level 1 in Armour
   300 | D:1      | Reached XP level 2. HP: 9/15 MP: 2/2
   625 | D:1      | Reached XP level 3. HP: 23/23 MP: 3/3
  1077 | D:2      | Found Sihok's Armour Shoppe.
  1129 | D:2      | Identified the +4 ring mail of the Heavens {Will+}
  1282 | D:2      | Reached XP level 4. HP: 35/35 MP: 4/4
  1560 | D:3      | Reached XP level 5. HP: 41/41 MP: 5/5
  1755 | D:3      | Found a glowing drain.
  1793 | Sewer    | Entered a sewer
  1829 | Sewer    | Reached skill level 5 in Armour
  2006 | Sewer    | Reached XP level 6. HP: 45/46 MP: 6/6
  2236 | D:3      | Reached skill level 4 in Long Blades
  2236 | D:3      | Reached XP level 7. HP: 44/45 MP: 7/7
  2345 | D:3      | Identified a scroll of acquirement
  2345 | D:3      | Acquired a +4 vorpal triple sword
  2644 | D:4      | Noticed a wyvern
  2651 | D:4      | Killed a wyvern
  2652 | D:4      | Reached skill level 5 in Long Blades
  2898 | D:4      | Found a shimmering altar of Xom.
  2898 | D:4      | Noticed Pikel
  2913 | D:4      | Killed Pikel
  2914 | D:4      | Reached skill level 7 in Long Blades
  2914 | D:4      | Reached XP level 8. HP: 42/58 MP: 8/8
  3050 | D:4      | Noticed Grinder
  3056 | D:4      | Killed Grinder
  3057 | D:4      | Reached skill level 8 in Long Blades
  3221 | D:4      | Identified the +1 ring mail of the Fresh God {-Tele +Inv
                  | rElec Int+3}
  3502 | D:5      | Entered Level 5 of the Dungeon
  3563 | D:5      | Reached skill level 9 in Long Blades
  3563 | D:5      | Reached XP level 9. HP: 63/64 MP: 9/9
  3692 | D:5      | Identified the ring of Dugelaum {Str+2 Dex+6}
  3854 | D:5      | Found a staircase to the Ecumenical Temple.
  3888 | Temple   | Entered the Ecumenical Temple
  3981 | Temple   | Became a worshipper of the Shining One
  3981 | Temple   | Reached * piety under the Shining One
  3981 | Temple   | Reached ** piety under the Shining One
  4377 | D:6      | Found a hazy altar of Hepliaklqana.
  4377 | D:6      | Found a sparkling altar of Nemelex Xobeh.
  4377 | D:6      | Found an ancient bone altar of Kikubaaqudgha.
  4381 | D:6      | Reached skill level 10 in Long Blades
  4499 | D:6      | Identified the +3 ring mail of Ru's Envy {rElec Int-4
                  | Slay+5 SInv}
  4894 | D:6      | Found a basalt altar of Yredelemnul.
  4894 | D:6      | Found an ornate altar of the Wu Jian Council.
  5236 | D:7      | Reached skill level 11 in Long Blades
  5977 | D:8      | Noticed an unseen horror
  5993 | D:7      | Reached skill level 12 in Long Blades
  5993 | D:7      | Reached XP level 10. HP: 20/70 MP: 10/10
  6170 | D:7      | Killed an unseen horror
  6177 | D:7      | Reached skill level 13 in Long Blades
  6591 | D:8      | Noticed Psyche
  6602 | D:8      | Killed Psyche
  6858 | D:8      | Identified the +2 flail of Desertification {holy, rCorr
                  | SInv}
  6893 | D:8      | Found a staircase to the Lair.
  7047 | D:8      | Identified the -1 pair of boots of the Trilobite {rN+
                  | Stlth+}
  7113 | D:8      | Reached skill level 14 in Long Blades
  7168 | D:8      | Reached *** piety under the Shining One
  7211 | D:8      | Reached XP level 11. HP: 64/71 MP: 11/11
  7318 | D:8      | HP: 2/75 [slime creature (13)]
  7679 | D:9      | Reached skill level 15 in Long Blades
  8011 | D:9      | Reached **** piety under the Shining One
  8217 | D:9      | Found a runed translucent door.
  8217 | D:9      | Noticed KennySheep's ghost (novice OgCA)
  8301 | D:9      | Killed KennySheep's ghost
  8302 | D:9      | Reached skill level 16 in Long Blades
  8412 | D:10     | Entered Level 10 of the Dungeon
  8449 | D:10     | Reached skill level 5 in Fighting
  8997 | D:10     | Reached skill level 1 in Invocations
  9273 | D:10     | Noticed a two-headed ogre
  9279 | D:10     | Killed a two-headed ogre
  9280 | D:10     | Reached XP level 12. HP: 34/89 MP: 13/15
  9727 | D:10     | Reached skill level 5 in Invocations
  9772 | D:10     | Found an opulent altar of Gozag.
  9773 | D:10     | Found a broken altar of Ashenzari.
  9920 | D:11     | Noticed Lodul
  9920 | D:11     | Reached ***** piety under the Shining One
  9946 | D:11     | Killed Lodul
 10215 | D:11     | Noticed Erica
 10228 | D:11     | Killed Erica
 10397 | D:11     | Found a transporter.
 10407 | D:11     | Identified the +10 dagger of the Cup {flame, rPois rF+
                  | Int-4}
 10413 | D:11     | Noticed Josephine
 10415 | D:11     | Noticed SmokeWeed's ghost (journeyman SpEE)
 10466 | D:11     | Reached skill level 5 in Shields
 10471 | D:11     | Killed Josephine
 10529 | D:11     | Identified the +2 rapier "Fiarietz" {vamp, rC+}
 10558 | D:11     | Noticed Fannar
 10564 | D:11     | Killed Fannar
 10678 | D:11     | Found Zasoc's General Store.
 10693 | D:11     | Bought a scroll of identify for 24 gold pieces
 10754 | D:11     | Found a stormy altar of Qazlal.
 10791 | D:11     | Found a transporter.
 11305 | D:12     | Found a staircase to the Orcish Mines.
 11316 | D:12     | Noticed a boulder beetle
 11336 | D:12     | HP: 1/84 [warg[an orc knight] (10)]
 11337 | D:12     | Mangled by an orc warrior

Illustrated notes

Levels and vault maps discovered:
D:1:      dpeg_arrival_chambers_temple_mockup, layout_basic
D:2:      layout_loops_ring, serial_shops, shop
D:3:      layout_basic, cheibrodos_sewer_entry_sluice, minmay_misc_feat_tiny
D:4:      layout_loops_ring, old_standard_altar, uniq_grinder, uniq_pikel
D:5:      layout_cave_pools, minmay_temple_entry_ruins, reono_crystal_passage
D:6:      layout_cave_pools, gammafunk_temple_overflow_forgotten,
          amethyst_overflow_temple_binary, serial_column_ruins,
          column_ruins_hut, column_ruins_hut, column_ruins_open_medium,
          column_ruins_corridor_straight, column_ruins_corridor_corner,
          column_ruins_open_small
D:7:      layout_basic
D:8:      layout_cave_pools, lair_entry_dummy, nzn_random_ring, uniq_psyche
D:9:      layout_roguey, gammafunk_ghost_grave, minmay_nine_imps
D:10:     layout_basic, mainiacjoe_overflow_divided_tiny
D:11:     layout_cross, serial_shops, shop, gammafunk_ghost_berserking_beasts,
          nicolae_qazlal_eye_of_the_storm, uniq_josephine, uniq_fannar,
          uniq_erica, uniq_lodul
D:12:     layout_basic, david_orc_1_choice
Temple:   dpeg_chambers_temple

Skill      XL: |  1  2  3  4  5  6  7  8  9 10 11 12 |
---------------+-------------------------------------+-----
Armour         | 1 2 3 4 5 6 |  6.4
Long Blades    | 4 7 9 12 14 16 | 16.0
Fighting       | 6 |  6.7
Invocations    | 4 8 |  8.0
Shields        | 9 |  9.1
Dodging        | |  2.6
Stealth        | |  2.4

Action                   |  1- 3 |  4- 6 |  7- 9 | 10-12 || total
-------------------------+-------+-------+-------+-------++-------
Melee: Falchion          |   104 |   158 |     8 |       ||   270
       Triple sword      |       |       |   156 |   314 ||   470
       Punch             |       |       |     5 |     2 ||     7
 Abil: Dig               |     1 |     3 |     7 |    15 ||    26
  Use: Scroll            |     4 |     2 |    11 |     7 ||    24
       Potion            |       |       |       |     9 ||     9
 Stab: Sleeping          |     2 |       |       |       ||     2
Armor: Ring mail         |    37 |       |       |       ||    37
       Scale mail        |     5 |   118 |    35 |       ||   158
       Chain mail        |       |       |    63 |   168 ||   231
Dodge: Dodged            |    65 |   131 |    69 |   155 ||   420
       Repelled          |       |       |       |     2 ||     2
Block: Kite shield       |       |       |       |    27 ||    27

Table legend: (Time is in decaauts)
 A = Elapsed time spent in this place.
 B = Non-inter-level travel time spent in this place.
 C = Inter-level travel time spent in this place.
 D = Time resting spent in this place.
 E = Time spent auto-exploring this place.
 F = Levels seen in this place.
 G = Mean time per level.
                   A        B        C        D        E       F      G
               +--------+--------+--------+--------+--------+-----+--------+
         Total |  11456 |  11138 |    318 |   1826 |   7031 |  14 |  818.3 |
       Dungeon |  10786 |  10491 |    295 |   1713 |   6752 |  12 |  898.8 |
        Temple |    249 |    226 |     23 |      0 |    201 |   1 |  249.0 |
         Sewer |    420 |    420 |      0 |    113 |     78 |   1 |  420.0 |
               +--------+--------+--------+--------+--------+-----+--------+

Top non-repeatable levels by time:
     D:7: 1509 daAuts
    D:10: 1494 daAuts
    D:11: 1248 daAuts
     D:8: 1230 daAuts
     D:3: 920 daAuts
     D:4: 815 daAuts
     D:9: 765 daAuts
     D:2: 720 daAuts
     D:1: 693 daAuts
     D:6: 655 daAuts
     D:5: 544 daAuts
   Sewer: 420 daAuts
  Temple: 249 daAuts
    D:12: 187 daAuts
